[Event "Delancey UK Schools 2019 U18"]
[Site "Daventry"]
[Date "2019.09.24"]
[Round "2.11"]
[White "Modhura, Urbi"]
[Black "Brown, Tom"]
[Result "0-1"]
[ECO "B17"]
[WhiteElo "1451"]
[BlackElo "2005"]
[Annotator "NA"]
[PlyCount "112"]
[EventDate "2019.09.24"]
[EventCountry "GBR"]
[SourceTitle "playchess.com"]
[Source "ChessBase"]
[SourceQuality "1"]
[TimeControl "40/5400+30:1800+30"]

1. e4 c6 2. d4 d5 3. Nc3 dxe4 4. Nxe4 Nd7 5. Nf3 Ngf6 6. Ng3 e6 7. c3 Bd6 8. Bd3 Qc7 9. Qe2 O-O 10. O-O b6 11. Bd2 Bb7 12. Rac1 c5 13. Rfe1 Rfe8 14. Ne4 Nxe4 15. Bxe4 Nf6 16. Bxb7 Qxb7 17. Ne5 cxd4 18. cxd4 Rac8 19. a3 Rxc1 20. Rxc1 Rc8 21. Nc4 Be7 22. Rd1 h6 23. Bf4 Qd5 24. Ne3 Qe4 25. Bg3 Nd5 26. Qa6 Rc6 27. Nxd5 exd5 28. Qxa7 Qxd4 29. Qa8+ Kh7 30. Re1 Qd2 31. Rf1 Rc1 32. Qa6 Qxb2 33. h3 Rxf1+ 34. Qxf1 Qxa3 35. Qb1+ g6 36. Qxb6 Qc5 37. Qxc5 Bxc5 38. Kf1 Kg7 39. Ke2 Kf6 40. Kf3 Ke6 41. Ke2 Bd6 42. Kd3 Bxg3 43. fxg3 Ke5 44. Ke3 d4+ 45. Kf2 Ke4 46. Ke2 h5 47. h4 Kf5 48. Kd3 Kg4 49. Kxd4 Kxg3 50. Ke4 Kxg2 51. Kf4 Kh3 52. Kg5 Kg3 53. Kf6 Kxh4 54. Ke5 Kg3 55. Ke4 h4 56. Ke5 h3 0-1

[Event "Delancey UK Schools 2019 U18"]
[Site "Daventry"]
[Date "2019.09.24"]
[Round "2.13"]
[White "Ye, Kevin"]
[Black "Audhora, Purba"]
[Result "1-0"]
[ECO "C54"]
[WhiteElo "1758"]
[BlackElo "1168"]
[Annotator "NA"]
[PlyCount "40"]
[EventDate "2019.09.24"]
[EventCountry "GBR"]
[SourceTitle "playchess.com"]
[Source "ChessBase"]
[SourceQuality "1"]
[TimeControl "40/5400+30:1800+30"]

1. e4 e5 2. Nf3 Nc6 3. Bc4 Nf6 4. d3 Bc5 5. c3 d6 6. Nbd2 O-O 7. h3 Be6 8. Bb3 d5 9. exd5 Nxd5 10. Ne4 Bb6 11. O-O h6 12. Re1 Qd7 13. Bxh6 Rfd8 14. Bg5 Re8 15. Ba4 Nde7 16. Nxe5 Qd5 17. Bxe7 Rxe7 18. Nxc6 bxc6 19. Qf3 Rd8 20. Bxc6 Qg5 1-0

[Event "Delancey UK Schools 2019 U18"]
[Site "Daventry"]
[Date "2019.09.24"]
[Round "2.16"]
[White "Kirklys, Domantas"]
[Black "Isaksen, Peter A"]
[Result "0-1"]
[ECO "B22"]
[WhiteElo "1125"]
[BlackElo "1858"]
[Annotator "NA"]
[PlyCount "78"]
[EventDate "2019.09.24"]
[EventCountry "GBR"]
[SourceTitle "playchess.com"]
[Source "ChessBase"]
[SourceQuality "1"]
[TimeControl "40/5400+30:1800+30"]

1. e4 c5 2. c3 d5 3. exd5 Qxd5 4. d4 Nf6 5. Nf3 Bg4 6. Be2 e6 7. O-O Nc6 8. Be3 cxd4 9. Nxd4 Nxd4 10. Bxd4 Bxe2 11. Qxe2 Be7 12. Nd2 O-O 13. f3 Rfd8 14. Ne4 Nxe4 15. Qxe4 Qb5 16. b3 a5 17. Qg4 e5 18. Bf2 a4 19. c4 Qc6 20. Qf5 Rd2 21. Rfd1 Rad8 22. Rxd2 Rxd2 23. Qe4 Qxe4 24. fxe4 a3 25. Kf1 Bb4 26. Be3 Rc2 27. Rd1 h6 28. Rd8+ Kh7 29. Rb8 Rxa2 30. Rxb7 Ra1+ 31. Ke2 a2 32. Ra7 Re1+ 33. Kf2 a1=Q 34. Rxa1 Rxa1 35. c5 Rb1 36. c6 Rxb3 37. c7 Rc3 38. Bb6 Bc5+ 39. Ke2 Bxb6 0-1

[Event "Delancey UK Schools 2019 U18"]
[Site "Daventry"]
[Date "2019.09.24"]
[Round "3.1"]
[White "Klingher, Dominic"]
[Black "Kalavannan, Koby"]
[Result "1-0"]
[ECO "B26"]
[WhiteElo "2071"]
[BlackElo "2324"]
[Annotator "ChessBase"]
[PlyCount "65"]
[EventDate "2019.09.24"]
[EventCountry "GBR"]
[SourceTitle "playchess.com"]
[Source "ChessBase"]
[SourceQuality "1"]
[TimeControl "40/5400+30:1800+30"]

1. e4 c5 2. Nc3 Nc6 3. g3 g6 4. d3 Bg7 5. Bg2 d6 6. Nge2 Rb8 7. Be3 b5 8. Qd2 Nd4 9. h3 h5 10. Nd1 h4 11. g4 e5 12. c3 Nxe2 13. Qxe2 Ne7 14. f4 Nc6 15. O-O exf4 16. Bxf4 g5 17. Bh2 O-O 18. Ne3 Ne7 19. Rf2 Be6 20. Nf5 Be5 21. d4 Bxh2+ 22. Kxh2 Ng6 23. Qe3 cxd4 24. Nxd4 Bd7 25. Raf1 Ne5 26. Rf6 Ng6 27. Qxg5 Qe8 28. Nf5 Qe5+ 29. Kh1 Bc6 30. Ne7+ Kg7 31. Rxg6+ fxg6 32. Qxg6+ Kh8 33. Qh6# 1-0

[Event "Delancey UK Schools 2019 U18"]
[Site "Daventry"]
[Date "2019.09.24"]
[Round "3.2"]
[White "Willow, Jonah B"]
[Black "Grieve, Harry"]
[Result "1-0"]
[ECO "B47"]
[WhiteElo "2327"]
[BlackElo "2277"]
[Annotator "ChessBase"]
[PlyCount "99"]
[EventDate "2019.09.24"]
[EventCountry "GBR"]
[SourceTitle "playchess.com"]
[Source "ChessBase"]
[SourceQuality "1"]
[TimeControl "40/5400+30:1800+30"]

1. e4 c5 2. Nf3 e6 3. d4 cxd4 4. Nxd4 Nc6 5. Nc3 Qc7 6. g3 a6 7. Bg2 Nf6 8. O-O Nxd4 9. Qxd4 Bc5 10. Bf4 d6 11. Qd2 h6 12. Rad1 e5 13. Be3 Bb4 14. Nb5 axb5 15. Qxb4 Rxa2 16. Rxd6 O-O 17. Rfd1 Qxc2 18. R6d2 Qc4 19. Qe7 Ra6 20. Rd8 Nh7 21. Bc5 Rc6 22. Rxf8+ Nxf8 23. Qxf8+ Kh7 24. Be3 Qe2 25. Rf1 Qxb2 26. Qxf7 b4 27. Bf3 Bh3 28. Re1 Rf6 29. Qh5 Be6 30. Bg4 Bxg4 31. Qxg4 b3 32. Qe2 Qc3 33. Rc1 Qb4 34. Qc4 Qa3 35. Rb1 b2 36. Qc2 Rc6 37. Qxb2 Qd3 38. Qxb7 Rc7 39. Qxc7 Qxb1+ 40. Qc1 Qxe4 41. Qd1 Kg6 42. Qe2 h5 43. f3 Qb1+ 44. Kg2 Kf5 45. Bf2 g5 46. Qc4 Qb7 47. Qd3+ Kf6 48. Qe4 Qd7 49. h3 Qe6 50. Qh7 1-0

[Event "Delancey UK Schools 2019 U18"]
[Site "Daventry"]
[Date "2019.09.24"]
[Round "3.3"]
[White "Carroll, Thomas"]
[Black "Boswell, Jacob Connor"]
[Result "1/2-1/2"]
[ECO "D00"]
[WhiteElo "2036"]
[BlackElo "2000"]
[Annotator "NA"]
[PlyCount "80"]
[EventDate "2019.09.24"]
[EventCountry "GBR"]
[SourceTitle "playchess.com"]
[Source "ChessBase"]
[SourceQuality "1"]
[TimeControl "40/5400+30:1800+30"]

1. d4 Nf6 2. Bg5 d5 3. Nd2 c5 4. e3 Nc6 5. Ngf3 Bf5 6. Be2 cxd4 7. exd4 Ne4 8. Be3 g6 9. c3 Nxd2 10. Qxd2 Bg7 11. O-O O-O 12. Bh6 Rb8 13. a4 a6 14. Rfe1 Na5 15. Bxg7 Kxg7 16. Qf4 b5 17. axb5 axb5 18. b4 Nc4 19. Bxc4 dxc4 20. Qe5+ Kg8 21. Qxe7 Qxe7 22. Rxe7 Ra8 23. Raa7 Rxa7 24. Rxa7 Re8 25. h4 Re2 26. d5 Be4 27. Nd4 Re1+ 28. Kh2 Bxd5 29. Nxb5 Re2 30. Kg3 Rc2 31. Rc7 Kg7 32. Rc5 Be6 33. Re5 Bd7 34. f3 Kf6 35. Rd5 Bxb5 36. Rxb5 Rxc3 37. Rc5 Rc2 38. b5 Ke6 39. b6 Rb2 40. Rxc4 Rxb6 1/2-1/2

[Event "Delancey UK Schools 2019 U18"]
[Site "Daventry"]
[Date "2019.09.24"]
[Round "3.4"]
[White "Rathbone-Jones, Ifan"]
[Black "Munshi, Aditya"]
[Result "0-1"]
[ECO "D02"]
[WhiteElo "1879"]
[BlackElo "2183"]
[Annotator "ChessBase"]
[PlyCount "70"]
[EventDate "2019.09.24"]
[EventCountry "GBR"]
[SourceTitle "playchess.com"]
[Source "ChessBase"]
[SourceQuality "1"]
[TimeControl "40/5400+30:1800+30"]

1. d4 Nf6 2. Bf4 d5 3. Nf3 e6 4. e3 c5 5. Nbd2 Nc6 6. c3 cxd4 7. exd4 Nh5 8. Bg3 g6 9. Bh4 f6 10. Nb3 Be7 11. Qd2 Ng7 12. Bd3 e5 13. dxe5 fxe5 14. Bxe7 Qxe7 15. Bb5 Qd6 16. O-O-O Be6 17. Rhe1 O-O 18. Bxc6 bxc6 19. Nxe5 c5 20. f4 a5 21. Qf2 Rac8 22. Kb1 a4 23. Nd2 Qb6 24. g3 Rc7 25. Ndf3 Rb8 26. Ng5 Bf5+ 27. Ka1 d4 28. Qe2 a3 29. b3 dxc3 30. Qc4+ Ne6 31. Nd7 Rxd7 32. Rxd7 c2 33. Re7 Qd6 34. Rc1 Qd1 35. Qf1 Qd4# 0-1

[Event "Delancey UK Schools 2019 U18"]
[Site "Daventry"]
[Date "2019.09.24"]
[Round "3.5"]
[White "Stoyanov, Viktor"]
[Black "Pollack, Oscar"]
[Result "1/2-1/2"]
[ECO "A57"]
[WhiteElo "2272"]
[BlackElo "2112"]
[Annotator "ChessBase"]
[PlyCount "104"]
[EventDate "2019.09.24"]
[EventCountry "GBR"]
[SourceTitle "playchess.com"]
[Source "ChessBase"]
[SourceQuality "1"]
[TimeControl "40/5400+30:1800+30"]

1. d4 Nf6 2. Nf3 c5 3. d5 b5 4. c4 Bb7 5. Qc2 d6 6. e4 b4 7. a3 Nbd7 8. Bd3 e5 9. O-O a5 10. Bg5 Be7 11. Bxf6 Nxf6 12. Nbd2 O-O 13. axb4 axb4 14. Nb3 Qc7 15. Rfc1 Rxa1 16. Rxa1 Ra8 17. Qb1 Qd8 18. Ra2 Nd7 19. Qa1 Rxa2 20. Qxa2 Qa8 21. Qxa8+ Bxa8 22. Kf1 Nb6 23. Nbd2 b3 24. Nxb3 Na4 25. Ke1 Nxb2 26. Be2 Bb7 27. Kd2 Bd8 28. Kc2 Na4 29. Nc1 Nb6 30. Kb3 g6 31. Na2 f5 32. Bd3 fxe4 33. Bxe4 Ba6 34. Bd3 Nxd5 35. Bxg6 Nf4 36. Be4 h5 37. Nc3 Kf7 38. g3 Nh3 39. Bd5+ Ke7 40. Ne4 Bc8 41. Kc2 Bf5 42. Kd2 Bxe4 43. Bxe4 Nxf2 44. Bg6 e4 45. Ke3 exf3 46. Kxf2 h4 47. g4 Kf6 48. Be4 Ke5 49. Kxf3 Bg5 50. h3 Bc1 51. Bd5 Bg5 52. Bf7 Bc1 1/2-1/2

[Event "Delancey UK Schools 2019 U18"]
[Site "Daventry"]
[Date "2019.09.24"]
[Round "3.6"]
[White "Guha, Chirag"]
[Black "Golding, Alex"]
[Result "0-1"]
[ECO "A62"]
[WhiteElo "1769"]
[BlackElo "2306"]
[Annotator "ChessBase"]
[PlyCount "66"]
[EventDate "2019.09.24"]
[EventCountry "GBR"]
[SourceTitle "playchess.com"]
[Source "ChessBase"]
[SourceQuality "1"]
[TimeControl "40/5400+30:1800+30"]

1. d4 Nf6 2. c4 g6 3. g3 Bg7 4. Bg2 O-O 5. Nf3 c5 6. d5 d6 7. Nc3 e6 8. O-O exd5 9. cxd5 Re8 10. Nd2 Nbd7 11. e4 Ne5 12. f4 Nd3 13. Nc4 Nxc1 14. Rxc1 Ng4 15. Qf3 f5 16. h3 Bd4+ 17. Kh1 Nf6 18. exf5 Bxf5 19. g4 Be4 20. Nxe4 Nxe4 21. f5 gxf5 22. gxf5 Qh4 23. Kh2 b5 24. f6 Bxf6 25. Qf5 bxc4 26. Bxe4 Rxe4 27. Rg1+ Kh8 28. Rcf1 Be5+ 29. Kh1 Rf4 30. Rxf4 Qxf4 31. Qxf4 Bxf4 32. Rf1 Be5 33. Rf7 c3 0-1

[Event "Delancey UK Schools 2019 U18"]
[Site "Daventry"]
[Date "2019.09.24"]
[Round "3.7"]
[White "Stubbs, Oliver"]
[Black "Modi, Kishan Jagdish"]
[Result "1/2-1/2"]
[ECO "D00"]
[WhiteElo "1835"]
[BlackElo "2004"]
[Annotator "NA"]
[PlyCount "74"]
[EventDate "2019.09.24"]
[EventCountry "GBR"]
[SourceTitle "playchess.com"]
[Source "ChessBase"]
[SourceQuality "1"]
[TimeControl "40/5400+30:1800+30"]

1. d4 d5 2. Bf4 Nf6 3. e3 c5 4. c3 Nc6 5. Nd2 cxd4 6. exd4 Bf5 7. Qb3 Qb6 8. Qxb6 axb6 9. Ngf3 e6 10. Nh4 Bg4 11. h3 Bh5 12. Bd3 Kd7 13. a3 Bd6 14. Bxd6 Kxd6 15. f4 Bg6 16. Nxg6 hxg6 17. Kf2 Nd7 18. Nf3 f5 19. Ne5 Ndxe5 20. fxe5+ Kd7 21. h4 Rh6 22. g3 Rah8 23. Kg2 Ke7 24. Raf1 Kf7 25. Be2 Ne7 26. Bf3 Nc6 27. Be2 g5 28. hxg5 Rxh1 29. Rxh1 Rxh1 30. Kxh1 Kg6 31. Kg2 Kxg5 32. Kf3 Kh6 33. Bb5 Nd8 34. Bd7 g5 35. b3 Kg6 36. Ke3 Kf7 37. Bb5 Ke7 1/2-1/2

[Event "Delancey UK Schools 2019 U18"]
[Site "Daventry"]
[Date "2019.09.24"]
[Round "3.8"]
[White "Modi, Shyam Jagdish"]
[Black "Somton, Anita"]
[Result "1-0"]
[ECO "E07"]
[WhiteElo "2142"]
[BlackElo "1831"]
[Annotator "ChessBase"]
[PlyCount "85"]
[EventDate "2019.09.24"]
[EventCountry "GBR"]
[SourceTitle "playchess.com"]
[Source "ChessBase"]
[SourceQuality "1"]
[TimeControl "40/5400+30:1800+30"]

1. d4 d5 2. c4 e6 3. Nf3 Nf6 4. g3 Be7 5. Bg2 O-O 6. O-O Nbd7 7. Nbd2 b6 8. Qc2 Bb7 9. b3 Rc8 10. Ne5 c5 11. Nxd7 Qxd7 12. dxc5 Bxc5 13. Qd1 Bd4 14. Rb1 dxc4 15. Bxb7 Qxb7 16. Nxc4 Rfd8 17. e3 Bc5 18. Qe2 Nd5 19. Bb2 Bb4 20. e4 Nc3 21. Bxc3 Bxc3 22. e5 Bb4 23. Rfd1 b5 24. Ne3 a6 25. Ng4 Be7 26. h4 a5 27. h5 h6 28. Nh2 b4 29. Nf3 Rc7 30. Rxd8+ Bxd8 31. Nd2 Rc2 32. Qd3 Qc7 33. Nc4 Rxa2 34. Rd1 Be7 35. Nd6 Qc2 36. Qf3 Bxd6 37. exd6 Qc8 38. d7 Qd8 39. Qc6 Kf8 40. Qd6+ Kg8 41. Rc1 Kh7 42. Rc8 Qf6 43. Qf4 1-0

[Event "Delancey UK Schools 2019 U18"]
[Site "Daventry"]
[Date "2019.09.24"]
[Round "3.9"]
[White "Jaufarally, Nadia"]
[Black "Ye, Kevin"]
[Result "0-1"]
[ECO "C54"]
[WhiteElo "1991"]
[BlackElo "1758"]
[Annotator "NA"]
[PlyCount "42"]
[EventDate "2019.09.24"]
[EventCountry "GBR"]
[SourceTitle "playchess.com"]
[Source "ChessBase"]
[SourceQuality "1"]
[TimeControl "40/5400+30:1800+30"]

1. e4 e5 2. Nf3 Nc6 3. Bc4 Nf6 4. d3 Bc5 5. c3 d6 6. h3 a6 7. Bb3 Ba7 8. O-O Be6 9. Re1 h6 10. Nbd2 Qd7 11. Nf1 g5 12. N3h2 O-O-O 13. Be3 Rdg8 14. Bxa7 Nxa7 15. Qf3 Rg6 16. Ne3 h5 17. Nf5 g4 18. Qe3 Nc6 19. Bxe6 Qxe6 20. h4 Rhg8 21. g3 d5 0-1

[Event "Delancey UK Schools 2019 U18"]
[Site "Daventry"]
[Date "2019.09.24"]
[Round "3.11"]
[White "Golding, James"]
[Black "Nayak, Raghav"]
[Result "1-0"]
[ECO "E81"]
[WhiteElo "2075"]
[BlackElo "1914"]
[Annotator "NA"]
[PlyCount "67"]
[EventDate "2019.09.24"]
[EventCountry "GBR"]
[SourceTitle "playchess.com"]
[Source "ChessBase"]
[SourceQuality "1"]
[TimeControl "40/5400+30:1800+30"]

1. d4 Nf6 2. c4 g6 3. Nc3 Bg7 4. e4 d6 5. f3 O-O 6. Be3 Nbd7 7. Qd2 c5 8. d5 Ne5 9. h3 Nh5 10. Bf2 f5 11. exf5 Rxf5 12. O-O-O Rf7 13. h4 Qa5 14. a3 Bd7 15. Nh3 a6 16. Ne4 Qa4 17. Qc2 Qa5 18. Nhg5 Bh6 19. Kb1 Rff8 20. g4 Nf6 21. h5 Kg7 22. hxg6 hxg6 23. Rxh6 Kxh6 24. Be1 Qd8 25. Qh2+ Nh5 26. gxh5 gxh5 27. Bd2 Kg7 28. f4 Ng6 29. Qxh5 Rh8 30. Bc3+ Ne5 31. Qf7+ Kh6 32. fxe5 Qb6 33. exd6 Raf8 34. Bg7# 1-0

[Event "Delancey UK Schools 2019 U18"]
[Site "Daventry"]
[Date "2019.09.24"]
[Round "3.13"]
[White "Isaksen, Peter A"]
[Black "Cocks, Elliot"]
[Result "1/2-1/2"]
[ECO "B22"]
[WhiteElo "1858"]
[BlackElo "1881"]
[Annotator "NA"]
[PlyCount "118"]
[EventDate "2019.09.24"]
[EventCountry "GBR"]
[SourceTitle "playchess.com"]
[Source "ChessBase"]
[SourceQuality "1"]
[TimeControl "40/5400+30:1800+30"]

1. e4 c5 2. c3 Nf6 3. e5 Nd5 4. d4 cxd4 5. Nf3 d6 6. cxd4 Nc6 7. Bc4 e6 8. O-O Be7 9. Qe2 O-O 10. Rd1 Qc7 11. Nc3 Nxc3 12. bxc3 dxe5 13. dxe5 b6 14. Bf4 Bb7 15. Nd4 a6 16. Rac1 Rfc8 17. Bxe6 fxe6 18. Nxe6 Qb8 19. Qg4 Bf8 20. Rd7 g6 21. Nxf8 Rxf8 22. Qe6+ Kh8 23. Bh6 Qxe5 24. Qxe5+ Nxe5 25. Bg7+ Kg8 26. Bxe5 Rf7 27. Rcd1 Re8 28. Rd8 Rfe7 29. f4 Kf7 30. Kf2 b5 31. Rxe8 Kxe8 32. Rd6 Rd7 33. Re6+ Re7 34. Rb6 Rd7 35. g3 Kf7 36. Ke3 Ke7 37. Bd6+ Kf7 38. Kd4 Ke6 39. Kc5 Kf5 40. Be5 Kg4 41. Rd6 Rxd6 42. Kxd6 Kf5 43. Kc7 Bd5 44. Kb6 Bxa2 45. Kxa6 Bc4 46. Kb6 Kg4 47. Kc5 Kh3 48. Kd4 Kxh2 49. f5 gxf5 50. g4+ Kh3 51. gxf5 Kg4 52. Ke4 Kg5 53. Bf4+ Kf6 54. Be5+ Kf7 55. Kf4 Kg8 56. Kg5 Kf7 57. Kh6 Bd3 58. Kxh7 Bxf5+ 59. Kh6 Ke6 1/2-1/2

[Event "Delancey UK Schools 2019 U18"]
[Site "Daventry"]
[Date "2019.09.24"]
[Round "3.14"]
[White "Stewart, Lilya"]
[Black "Modhura, Urbi"]
[Result "1-0"]
[ECO "C92"]
[WhiteElo "1567"]
[BlackElo "1451"]
[Annotator "NA"]
[PlyCount "60"]
[EventDate "2019.09.24"]
[EventCountry "GBR"]
[SourceTitle "playchess.com"]
[Source "ChessBase"]
[SourceQuality "1"]
[TimeControl "40/5400+30:1800+30"]

1. e4 e5 2. Nf3 Nc6 3. Bb5 a6 4. Ba4 Nf6 5. O-O b5 6. Bb3 Be7 7. Re1 O-O 8. c3 d6 9. h3 Re8 10. d4 Bb7 11. Nbd2 Rc8 12. Nf1 h6 13. Ng3 Bf8 14. Be3 exd4 15. cxd4 Na5 16. e5 dxe5 17. Nxe5 Nxb3 18. Qxb3 Bd5 19. Qc3 Bd6 20. Rad1 c5 21. Nf5 cxd4 22. Qxc8 Qxc8 23. Nxd6 Qe6 24. Nxe8 dxe3 25. Nxf6+ Qxf6 26. Rxe3 Bxa2 27. b3 Bxb3 28. Nd7 Qb2 29. Rde1 Be6 30. Nc5 Qa2 1-0

[Event "Delancey UK Schools 2019 U18"]
[Site "Daventry"]
[Date "2019.09.24"]
[Round "4.1"]
[White "Munshi, Aditya"]
[Black "Willow, Jonah B"]
[Result "1/2-1/2"]
[ECO "B31"]
[WhiteElo "2183"]
[BlackElo "2327"]
[Annotator "ChessBase"]
[PlyCount "49"]
[EventDate "2019.09.24"]
[EventCountry "GBR"]
[SourceTitle "playchess.com"]
[Source "ChessBase"]
[SourceQuality "1"]
[TimeControl "40/5400+30:1800+30"]

1. e4 c5 2. Nf3 Nc6 3. Bb5 g6 4. Bxc6 dxc6 5. d3 Bg7 6. h3 e5 7. O-O Ne7 8. a3 a5 9. a4 h6 10. Na3 Be6 11. b3 O-O 12. Bb2 Qc7 13. Qe1 b6 14. Qc3 g5 15. Nc4 Ng6 16. Ne3 Nf4 17. Rae1 Rae8 18. Nd2 h5 19. Ndc4 g4 20. hxg4 hxg4 21. g3 Nh3+ 22. Kg2 Ng5 23. Rh1 Rb8 24. Qxe5 Bxe5 25. Bxe5 1/2-1/2

[Event "Delancey UK Schools 2019 U18"]
[Site "Daventry"]
[Date "2019.09.24"]
[Round "4.2"]
[White "Boswell, Jacob Connor"]
[Black "Klingher, Dominic"]
[Result "1-0"]
[ECO "A01"]
[WhiteElo "2000"]
[BlackElo "2071"]
[Annotator "NA"]
[PlyCount "81"]
[EventDate "2019.09.24"]
[EventCountry "GBR"]
[SourceTitle "playchess.com"]
[Source "ChessBase"]
[SourceQuality "1"]
[TimeControl "40/5400+30:1800+30"]

1. b3 e5 2. Bb2 Nc6 3. Nf3 e4 4. Nd4 Nf6 5. Nxc6 dxc6 6. e3 Bd6 7. d3 Bf5 8. Nd2 Qe7 9. Nc4 O-O-O 10. Nxd6+ Qxd6 11. d4 h5 12. Be2 Rh6 13. Qd2 Rg6 14. g3 Ng4 15. Bf1 Ne5 16. O-O-O Nf3 17. Qa5 Be6 18. Be2 Rg5 19. Qxa7 b6 20. Ba3 Qd5 21. Be7 Re8 22. Bxg5 Nxg5 23. c4 Qf5 24. d5 cxd5 25. cxd5 Bxd5 26. Ba6+ Kd8 27. Qa8+ Ke7 28. Qxd5 Qf6 29. Qd4 Qxf2 30. Rd2 Qf3 31. Rf1 Qg4 32. Qxg7 Nf3 33. Qxg4 hxg4 34. Bc4 b5 35. Bxb5 Nxd2 36. Kxd2 Rd8+ 37. Kc3 f6 38. Rf4 Rd1 39. Rxe4+ Kf8 40. Rxg4 c6 41. Bc4 1-0

[Event "Delancey UK Schools 2019 U18"]
[Site "Daventry"]
[Date "2019.09.24"]
[Round "4.3"]
[White "Kalavannan, Koby"]
[Black "Carroll, Thomas"]
[Result "1-0"]
[ECO "A48"]
[WhiteElo "2324"]
[BlackElo "2036"]
[Annotator "ChessBase"]
[PlyCount "51"]
[EventDate "2019.09.24"]
[EventCountry "GBR"]
[SourceTitle "playchess.com"]
[Source "ChessBase"]
[SourceQuality "1"]
[TimeControl "40/5400+30:1800+30"]

1. Nf3 Nf6 2. e3 c5 3. d4 g6 4. b3 Bg7 5. Bb2 O-O 6. Nbd2 Nc6 7. dxc5 Qa5 8. a3 Qxc5 9. b4 Qb6 10. c4 a5 11. c5 Qd8 12. b5 Na7 13. Nc4 Ne8 14. Bxg7 Nxg7 15. Nb6 Rb8 16. Qa4 Qc7 17. Qxa5 Qxc5 18. Na4 Nc6 19. Qc7 Qa7 20. bxc6 Ne6 21. Qe5 f6 22. Qe4 bxc6 23. Qc2 Qa5+ 24. Nc3 Nc5 25. Be2 Rb3 26. Bc4+ 1-0

[Event "Delancey UK Schools 2019 U18"]
[Site "Daventry"]
[Date "2019.09.24"]
[Round "4.4"]
[White "Golding, Alex"]
[Black "Jain, Gautam"]
[Result "1-0"]
[ECO "B07"]
[WhiteElo "2306"]
[BlackElo "1900"]
[Annotator "ChessBase"]
[PlyCount "81"]
[EventDate "2019.09.24"]
[EventCountry "GBR"]
[SourceTitle "playchess.com"]
[Source "ChessBase"]
[SourceQuality "1"]
[TimeControl "40/5400+30:1800+30"]

1. e4 d6 2. d4 Nf6 3. f3 Nbd7 4. Be3 e5 5. d5 c6 6. c4 cxd5 7. cxd5 g6 8. a4 Bg7 9. a5 O-O 10. Be2 Nh5 11. Nh3 Nc5 12. Nf2 Nf4 13. O-O Qg5 14. Bxf4 exf4 15. Ra2 f5 16. b4 Nd7 17. Rc2 Nf6 18. Rc7 fxe4 19. fxe4 Nd7 20. Nd2 Ne5 21. Kh1 Qh4 22. Nf3 Nxf3 23. Bxf3 g5 24. Qe2 b6 25. a6 b5 26. Rfc1 Bd4 27. Ng4 Bb6 28. R7c6 Bd7 29. Rxd6 Rac8 30. Nf6+ Kh8 31. Rf1 Be8 32. e5 Bg6 33. Be4 Rc7 34. Rd7 Rxd7 35. Nxd7 Rc8 36. Nxb6 axb6 37. Bxg6 hxg6 38. e6 Kg7 39. Qe5+ Kf8 40. Qf6+ Ke8 41. Qf7+ 1-0

[Event "Delancey UK Schools 2019 U18"]
[Site "Daventry"]
[Date "2019.09.24"]
[Round "4.5"]
[White "Grieve, Harry"]
[Black "Brown, Tom"]
[Result "1-0"]
[ECO "B12"]
[WhiteElo "2277"]
[BlackElo "2005"]
[Annotator "ChessBase"]
[PlyCount "103"]
[EventDate "2019.09.24"]
[EventCountry "GBR"]
[SourceTitle "playchess.com"]
[Source "ChessBase"]
[SourceQuality "1"]
[TimeControl "40/5400+30:1800+30"]

1. e4 c6 2. d4 d5 3. e5 Bf5 4. h4 h5 5. Bd3 Bxd3 6. Qxd3 e6 7. Bg5 Qb6 8. Nd2 Ne7 9. Ne2 Nf5 10. c4 Nd7 11. g3 dxc4 12. Nxc4 Qc7 13. O-O Nb6 14. Ne3 g6 15. Nc3 Be7 16. Ne4 O-O-O 17. Nxf5 gxf5 18. Nd6+ Rxd6 19. exd6 Bxd6 20. Qf3 Nd5 21. Kh1 Kb8 22. Rab1 f4 23. Bxf4 Bxf4 24. gxf4 Nxf4 25. Rg1 Ng6 26. Qg3 Rd8 27. Rbd1 Rd5 28. Kg2 Rf5 29. Qxc7+ Kxc7 30. Kg3 Rf4 31. f3 Rf5 32. Rg2 Nf4 33. Rc2 Nd5 34. Re2 Rf6 35. Re5 Rg6+ 36. Rg5 Ne7 37. Kf4 Nd5+ 38. Ke4 Nf6+ 39. Ke5 Ng4+ 40. fxg4 f6+ 41. Kxe6 fxg5+ 42. Kf7 Rd6 43. hxg5 hxg4 44. g6 Rd7+ 45. Kg8 Rd8+ 46. Kh7 g3 47. g7 g2 48. g8=Q Rd7+ 49. Kh6 Rd6+ 50. Kh5 Rd5+ 51. Qxd5 cxd5 52. Rg1 1-0

[Event "Delancey UK Schools 2019 U18"]
[Site "Daventry"]
[Date "2019.09.24"]
[Round "4.6"]
[White "Pollack, Oscar"]
[Black "Golding, James"]
[Result "1-0"]
[ECO "C54"]
[WhiteElo "2112"]
[BlackElo "2075"]
[Annotator "ChessBase"]
[PlyCount "73"]
[EventDate "2019.09.24"]
[EventCountry "GBR"]
[SourceTitle "playchess.com"]
[Source "ChessBase"]
[SourceQuality "1"]
[TimeControl "40/5400+30:1800+30"]

1. e4 e5 2. Nf3 Nc6 3. Bc4 Nf6 4. d3 Bc5 5. c3 a6 6. Bb3 Ba7 7. O-O h6 8. Nbd2 O-O 9. Qe2 Re8 10. h3 Nh5 11. Nc4 Ng3 12. Qd1 Nxf1 13. Qxf1 d6 14. Ne3 Be6 15. Bc2 Qf6 16. Ng4 Bxg4 17. hxg4 g5 18. Qe2 Nd8 19. Be3 Ne6 20. g3 Qg6 21. Nd2 Bxe3 22. fxe3 Kg7 23. Kg2 Rh8 24. Rh1 Nc5 25. Nc4 Nd7 26. Bd1 Nf6 27. Na5 b6 28. Nc6 Rae8 29. Kg1 a5 30. a3 Nxe4 31. dxe4 Qxe4 32. Qf3 Qxf3 33. Bxf3 e4 34. Be2 Kg6 35. Nd4 Rh7 36. Kg2 Re5 37. Rf1 1-0

[Event "Delancey UK Schools 2019 U18"]
[Site "Daventry"]
[Date "2019.09.24"]
[Round "4.7"]
[White "Ye, Kevin"]
[Black "Modi, Shyam Jagdish"]
[Result "0-1"]
[ECO "B22"]
[WhiteElo "1758"]
[BlackElo "2142"]
[Annotator "ChessBase"]
[PlyCount "50"]
[EventDate "2019.09.24"]
[EventCountry "GBR"]
[SourceTitle "playchess.com"]
[Source "ChessBase"]
[SourceQuality "1"]
[TimeControl "40/5400+30:1800+30"]

1. e4 c5 2. c3 Nf6 3. e5 Nd5 4. d4 cxd4 5. Nf3 e6 6. cxd4 Nc6 7. Bc4 d6 8. O-O Be7 9. Nc3 Nxc3 10. bxc3 dxe5 11. Nxe5 Nxe5 12. dxe5 O-O 13. Qf3 Qc7 14. Qe4 Bd7 15. Bd3 g6 16. Bh6 Rfd8 17. Rfd1 Bc6 18. Qe2 Rac8 19. f4 Bd5 20. f5 exf5 21. Bxf5 gxf5 22. Rd3 Qb6+ 23. Be3 Bc5 24. Rf1 Bxe3+ 25. Rxe3 Rxc3 0-1

[Event "Delancey UK Schools 2019 U18"]
[Site "Daventry"]
[Date "2019.09.24"]
[Round "4.8"]
[White "Isaksen, Peter A"]
[Black "Stoyanov, Viktor"]
[Result "1-0"]
[ECO "B22"]
[WhiteElo "1858"]
[BlackElo "2272"]
[Annotator "ChessBase"]
[PlyCount "93"]
[EventDate "2019.09.24"]
[EventCountry "GBR"]
[SourceTitle "playchess.com"]
[Source "ChessBase"]
[SourceQuality "1"]
[TimeControl "40/5400+30:1800+30"]

1. e4 c5 2. c3 d5 3. exd5 Qxd5 4. d4 Nf6 5. Nf3 e6 6. Be2 Be7 7. O-O O-O 8. Be3 cxd4 9. cxd4 b6 10. Nc3 Qd8 11. Ne5 Bb7 12. Bf3 Nd5 13. Qb3 Na6 14. Nxd5 exd5 15. Rac1 Qd6 16. Bf4 Rac8 17. Nc6 Qd7 18. Nxa7 Ra8 19. Qxb6 Bd8 20. Qb5 Qxb5 21. Nxb5 Nb4 22. Bd6 Nd3 23. Rc3 Nxb2 24. Bxf8 Kxf8 25. Nd6 Ba6 26. Re1 Bf6 27. Bxd5 Rd8 28. Rc6 Nd3 29. Rb1 Be7 30. Rxa6 Bxd6 31. Ra8 Rxa8 32. Bxa8 Nf4 33. Kf1 Ne6 34. d5 Nc7 35. Bc6 Ke7 36. a4 Kf6 37. a5 Ke5 38. Bb7 Bc5 39. Rc1 Kd6 40. a6 Ba7 41. Ke2 Nb5 42. Kd3 Bxf2 43. Rf1 Bd4 44. Rxf7 Be5 45. Bc6 Nc7 46. Rxc7 Kxc7 47. a7 1-0